 Dungeon Crawl Stone Soup version v3.33-hellcrawl-164-ga292864 (webtiles) character file.

20266 severenz the Grappler (level 14, 44/99 HPs)
             Began as an Octopode Fighter on Sept 22, 2017.
             Was a High Priest of Sif Muna.
             Quit the game on level 1 of the Orcish Mines.
             The game lasted 01:05:18 (18841 turns).

severenz the Grappler (Octopode Fighter)           Turns: 18841, Time: 01:05:19

Health: 44/99      AC:  4 (0%)Str: 23   XL:     14   Next: 83%
Magic:  25/25      EV: 18    Int: 11    God:    Sif Muna [5*[125]]
Gold:   1636       SH: 13    Dex: 17    Spells: 30/32 levels left

rFire    + . .     SeeInvis +     - Unarmed
rCold    + + .     Faith    .   a - +0 shield
rNeg     . . .     Spirit   .   (helmet restricted)
rPois    .         Reflect  +   I - +3 amulet of reflection
rElec    .                      j - ring of see invisible
rCorr    .                      l - ring of ice
MR       +....                  n - +3 ring of strength
Stlth    +++++.....             s - +3 ring of protection
Regen    0.3/turn               v - +6 ring of dexterity
MPRegen  0.3/turn               y - ring of fire
                                z - ring of wizardry
                                N - ring of ice

@: no status effects
A: almost no armour, stealthy swim, amphibious, 8 rings, constrict 8,
camouflage, gelatinous body 1
a: Stop Singing, Divine Energy, Channel Magic, Forget Spell, Renounce Religion


You were on level 1 of the Orcish Mines.
You worshipped Sif Muna.
Sif Muna was extremely pleased with you.
You were not hungry.

You visited 2 branches of the dungeon, and saw 16 of its levels.
You also visited: Bailey.

You collected 1636 gold pieces.

Inventory:

Hand Weapons
 L - the +9 hand axe "Ijipateirph" {freeze, rPois Dex+2}
   (You found it on level 12 of the Dungeon)

   It has been specially enchanted to freeze those struck by it, causing extra
   injury to most foes and up to half again as much damage against particularly
   susceptible opponents.
   It can also slow down cold-blooded creatures.
   It affects your dexterity (+2).
   It protects you from poison.
Missiles
 d - 3860 stones
 e - 547 bolts
 k - 1487 arrows
 o - 18 curare darts (quivered)
 p - 5 tomahawks of dispersal
 x - 298 tomahawks
 B - 256 javelins
 D - 35 poisoned darts
Armour
 a - a +0 shield (worn)
Jewellery
 j - a ring of see invisible (left tentacle)
 l - a ring of ice (right tentacle)
 m - an uncursed amulet of regeneration
 n - a +3 ring of strength (on tentacle)
 s - a +3 ring of protection (on tentacle)
 v - a +6 ring of dexterity (on tentacle)
 w - an uncursed ring of wizardry
 y - a ring of fire (on tentacle)
 z - a ring of wizardry (on tentacle)
 I - a +3 amulet of reflection (around mantle)
 N - a ring of ice (on tentacle)
Wands
 A - a wand of flame (13)
 C - a wand of lightning (7)
 E - a wand of polymorph (5)
 H - a wand of iceblast (2)
 K - a wand of paralysis (8)
Scrolls
 c - a scroll of immolation
 f - 3 scrolls of fog
 r - 3 scrolls of enchant armour
 u - 7 scrolls of enchant weapon
 F - 2 scrolls of amnesia
Potions
 b - 6 potions of mutation
 h - 5 potions of curing
 i - 2 potions of cancellation
 M - 4 potions of flight


   Skills:
 + Level 10.6 Fighting
 + Level 10.6 Dodging
 - Level 3.0 Shields
 * Level 13.7 Unarmed Combat
 - Level 9.5(12.0) Spellcasting
 + Level 7.0(9.7) Charms
 - Level 4.0(6.5) Summonings
 - Level 2.2(4.3) Necromancy
 - Level 7.3(10.0) Transmutations
 - Level 3.1(5.4) Ice Magic
 - Level 2.6(4.8) Air Magic
 - Level 3.9(6.3) Earth Magic


You had 30 spell levels left.
You knew the following spells:

 Your Spells              Type           Power        Failure   Level  Hunger
a - Song of Slaying       Chrm           28 (100)     1%          2    None


Dungeon Overview and Level Annotations

Branches:
Dungeon (15/15)               Orc (1/2) D:15
 Vaults: D:15

Altars:
Cheibriados
Dithmenos
Elyvilon
Gozag
Hepliaklqana
Kikubaaqudgha
Makhleb
Nemelex Xobeh
Okawaru
Qazlal
Ru
Sif Muna
Trog
Uskayaw
Vehumet
Xom
Yredelemnul
Zin
The Shining One

Shops:
D:7 *   D:13 *

Annotations:
D:11 Erolcha
D:14 Frances


Innate Abilities, Weirdness & Mutations

You cannot wear most types of armour.
You are very stealthy in the water.
You are amphibious.
You can wear up to eight rings at the same time.
You can use your tentacles to constrict eight enemies at once.
Your skin blends seamlessly with your surroundings (Stealth+++).
Your rubbery body absorbs attacks. (AC +1, EV +1)


Message History

The tomahawk hits the orc (4).
Things that are here:
a +0 flail x2; a +0 rapier The orc throws a tomahawk.
You reflect the tomahawk off an invisible shield around you!
The tomahawk hits the orc (3).
The orc dies!
There is an open door here.
An orc comes into view. It is wielding a +0 mace.
An orc comes into view. It is wielding a +0 flail.
You block the orc's attack. x2
There is a staircase to the Orcish Mines here.
You block the orc's attack. The death yak gores you (16)!
The orc completely misses you.
The orc shouts!
You hear an angry hiss.
You feel the dungeon grow hostile.
Better move on quickly!
You climb downwards.
Welcome to the Orcish Mines! 2 orcs, an orc priest and a cyclops come into view.
Found 39 gold pieces.
Found a stone staircase leading down.
Are you sure you want to abandon this character and quit the game? (Confirm with "yes".)

## ##. ..###
##...# ###....#
. #..>...##....
#....@......#
#.$...#......##
#.... ...#...#
.#.C ..... ..#
## ....... .#
o..o..... ..
#...o..#... .
##....$.....


You could see a cyclops (sleeping), an orc priest (sleeping) and 2 orcs.

Vanquished Creatures
  Kirke (D:12)
  A fire dragon (D:15)
  A catoblepas (D:14)
  A hydra (D:14)
  3 centaur warriors
  8 death yaks (D:15)
  12 two-headed ogres
  2 ogre magi
  2 tengu warriors
  Urug (D:11)
  Nergalle (D:12)
  A deep elf knight (D:14)
  3 skeletal warriors (D:14)
  A wizard (D:14)
  An unseen horror (D:13)
  A deep elf archer (D:14)
  Pikel (D:7)
  An orc knight (Bailey)
  A wolf spider zombie (D:14)
  3 orc sorcerers
  3 cyclopes
  4 manticores
  8 ugly things
  5 deep elf magi
  A centaur zombie (D:14)
  Joseph (D:8)
  2 black mambas (D:13)
  Psyche (D:12)
  4 spiny frogs
  6 gargoyles
  A rime drake (D:9)
  3 tengu conjurers
  8 slime creatures
  2 trolls
  8 blink frogs
  A hornet zombie (D:15)
  Sigmund (D:3)
  2 shadows
  22 yaks
  3 wyverns
  2 vampires (D:13)
  2 hogs (D:12)
  2 wraiths
  A warg (D:11)
  A spiny frog zombie (D:11)
  An acid dragon (D:13)
  3 orc warriors
  4 ice beasts
  3 wasps
  2 blink frog zombies
  A slave (D:7)
  5 ogres
  4 blink frog skeletons
  5 centaurs
  A rime drake zombie (D:10)
  2 wyvern zombies
  A water moccasin skeleton (D:6)
  3 scorpions
  A water moccasin zombie (D:7)
  20 killer bees
  2 crimson imps
  2 howler monkeys
  7 wights
  10 hounds
  2 quasits (D:6)
  7 jellies
  A bullfrog skeleton (D:5)
  4 centaur skeletons
  6 orc priests
  An iron imp (D:7)
  Jessica (D:3)
  14 orc wizards
  4 worker ants
  2 iguanas
  2 hound skeletons (D:6)
  6 adders
  A shadow imp (D:9)
  2 dart slugs (D:1)
  49 orcs
  10 quokkas
  2 ball pythons
  4 bats
  7 goblins
  8 hobgoblins
  6 jackals
  4 frilled lizards
  A jackal skeleton (D:5)
  13 kobolds
  4 rats
378 creatures vanquished.

Vanquished Creatures (others)
  A centaur warrior (D:15)
  A cyclops (D:12)
  An orc wizard (D:7)
  An orc (D:15)
  4 kobolds (Bailey)
8 creatures vanquished.

Grand Total: 386 creatures vanquished

Notes
Turn   | Place    | Note
-------+----------+-------------------------------------------
     0 | D:1      | severenz the Octopode Fighter began the quest for the Orb.
     0 | D:1      | Reached XP level 1. HP: 16/16 MP: 1/1
   148 | D:1      | Reached XP level 2. HP: 21/21 MP: 2/2
   335 | D:1      | Reached skill level 3 in Unarmed Combat
   765 | D:2      | Reached XP level 3. HP: 20/26 MP: 3/3
   897 | D:2      | Found a faded altar of an unknown god.
  1007 | D:2      | Found a hide-covered altar of Uskayaw.
  1242 | D:2      | Found an opulent altar of Gozag.
  1398 | D:2      | Reached skill level 4 in Unarmed Combat
  1607 | D:3      | Reached XP level 4. HP: 29/31 MP: 4/4
  1651 | D:3      | Found a basalt altar of Yredelemnul.
  1685 | D:3      | Noticed Sigmund
  1697 | D:3      | Killed Sigmund
  1697 | D:3      | Reached skill level 6 in Unarmed Combat
  1697 | D:3      | Reached XP level 5. HP: 8/36 MP: 5/5
  1697 | D:3      | Reached XP level 6. HP: 10/42 MP: 6/6
  1786 | D:3      | Found a sparkling altar of Nemelex Xobeh.
  2091 | D:3      | Noticed Jessica
  2096 | D:3      | Killed Jessica
  2096 | D:3      | Reached skill level 7 in Unarmed Combat
  2188 | D:3      | Found a burning altar of Makhleb.
  2337 | D:4      | Reached XP level 7. HP: 42/46 MP: 7/7
  2397 | D:4      | Found a hazy altar of Hepliaklqana.
  2545 | D:4      | Found a radiant altar of Vehumet.
  2578 | D:4      | Reached skill level 8 in Unarmed Combat
  2582 | D:4      | Found a deep blue altar of Sif Muna.
  2587 | D:4      | Became a worshipper of Sif Muna the Loreminder
  2873 | D:4      | Reached skill level 1 in Spellcasting
  2983 | D:4      | Found an opulent altar of Gozag.
  3396 | D:5      | Entered Level 5 of the Dungeon
  3477 | D:5      | Found a sacrificial altar of Ru.
  3498 | D:5      | Reached XP level 8. HP: 47/52 MP: 9/11
  3580 | D:5      | Reached skill level 9 in Unarmed Combat
  3848 | D:5      | Found a bloodstained altar of Trog.
  3848 | D:5      | Found an ancient bone altar of Kikubaaqudgha.
  3849 | D:5      | Found a stormy altar of Qazlal.
  3892 | D:5      | Found a glowing golden altar of the Shining One.
  4103 | D:6      | Found a shadowy altar of Dithmenos.
  4131 | D:6      | Found a burning altar of Makhleb.
  4149 | D:6      | Reached * piety under Sif Muna
  4842 | D:7      | Reached XP level 9. HP: 50/56 MP: 14/14
  4946 | D:7      | Found a shimmering altar of Xom.
  4959 | D:7      | Found an iron altar of Okawaru.
  4979 | D:7      | Found a shadowy altar of Dithmenos.
  4983 | D:7      | Reached skill level 1 in Transmutations
  5093 | D:7      | Noticed Pikel
  5139 | D:7      | Killed Pikel
  5139 | D:7      | Reached skill level 1 in Charms
  5139 | D:7      | Reached skill level 1 in Ice Magic
  5139 | D:7      | Reached skill level 1 in Air Magic
  5213 | D:7      | Reached ** piety under Sif Muna
  5222 | D:7      | Found Zin's Purification Station.
  5226 | D:7      | Found a glowing silver altar of Zin.
  5369 | D:7      | Found a snail-covered altar of Cheibriados.
  5740 | D:7      | Found a white marble altar of Elyvilon.
  6273 | D:8      | Reached XP level 10. HP: 57/64 MP: 17/17
  6437 | D:8      | Noticed Joseph
  6452 | D:8      | Killed Joseph
  6452 | D:8      | Reached skill level 5 in Dodging
  6504 | D:8      | Reached skill level 5 in Spellcasting
  6731 | D:8      | Reached *** piety under Sif Muna
  6811 | D:8      | Reached skill level 5 in Fighting
  7116 | D:9      | Found a snail-covered altar of Cheibriados.
  7174 | D:9      | Found a sacrificial altar of Ru.
  7275 | D:9      | Noticed an orc sorcerer
  7284 | D:9      | Killed an orc sorcerer
  7918 | D:10     | Entered Level 10 of the Dungeon
  7920 | D:10     | Noticed a two-headed ogre
  7943 | D:10     | Killed a two-headed ogre
  7943 | D:10     | Reached skill level 5 in Charms
  7943 | D:10     | Reached skill level 5 in Transmutations
  7943 | D:10     | Reached XP level 11. HP: 56/72 MP: 18/20
  8167 | D:10     | Noticed an orc sorcerer
  8195 | D:10     | HP: 3/74 [orc sorcerer/bolt of fire (20)]
  8197 | D:10     | Killed an orc sorcerer
  8909 | D:10     | Reached **** piety under Sif Muna
  9176 | D:11     | Noticed a deep elf mage
  9183 | D:11     | Killed a deep elf mage
  9208 | D:11     | HP: 1/75 [gargoyle/+0 mace (20)]
  9312 | D:11     | Noticed a manticore
  9318 | D:11     | Killed a manticore
  9330 | D:11     | Noticed a red ugly thing
  9338 | D:11     | Killed a red ugly thing
  9348 | D:11     | HP: 2/76 [blink frog (15)]
  9595 | D:11     | Noticed an orc sorcerer
  9596 | D:11     | Noticed an orc high priest
  9608 | D:11     | Found a flagged portal.
  9613 | Bailey   | Entered a bailey
  9753 | Bailey   | Noticed an orc knight
  9797 | Bailey   | Killed an orc knight
  9891 | Bailey   | Reached XP level 12. HP: 57/82 MP: 22/22
  9935 | Bailey   | Found a burning altar of Makhleb.
 10184 | D:11     | Noticed Erolcha
 10237 | D:11     | Noticed Urug
 10249 | D:11     | Killed Urug
 10249 | D:11     | Reached skill level 10 in Unarmed Combat
 11656 | D:12     | Reached ***** piety under Sif Muna
 11659 | D:12     | Noticed Psyche
 11668 | D:12     | Killed Psyche
 11786 | D:12     | Noticed Nergalle
 11798 | D:12     | Killed Nergalle
 11990 | D:12     | Noticed a two-headed ogre
 12012 | D:12     | Killed a two-headed ogre
 12383 | D:12     | Noticed Kirke
 12412 | D:12     | Got the +9 hand axe "Ijipateirph" {freeze, rPois Dex+2}
 12464 | D:12     | Reached skill level 11 in Unarmed Combat
 12482 | D:12     | Killed Kirke
 12482 | D:12     | Received a gift from Sif Muna
 12482 | D:12     | Reached skill level 1 in Necromancy
 12483 | D:12     | Got Sif Muna's Collected Works on Helpful Curses
 12487 | D:12     | Learned a level 2 spell: Song of Slaying
 12541 | D:12     | Reached XP level 13. HP: 64/90 MP: 21/23
 12798 | D:13     | Reached skill level 1 in Summonings
 12946 | D:13     | Reached skill level 1 in Earth Magic
 13156 | D:13     | Found Juaphac's General Store.
 13696 | D:13     | Found a sparkling altar of Nemelex Xobeh.
 14937 | D:14     | Reached skill level 12 in Unarmed Combat
 15537 | D:14     | HP: 4/91 [two-headed ogre/+0 quarterstaff (13)]
 15939 | D:14     | Reached XP level 14. HP: 35/98 MP: 23/25
 16167 | D:14     | Noticed Frances
 16404 | D:14     | Reached skill level 10 in Dodging
 16544 | D:15     | Entered Level 15 of the Dungeon
 16946 | D:15     | Reached skill level 10 in Fighting
 17516 | D:15     | Reached skill level 13 in Unarmed Combat
 18820 | D:15     | Found a staircase to the Orcish Mines.
 18840 | Orc:1    | Entered Level 1 of the Orcish Mines
 18841 | Orc:1    | Quit the game

Skill      XL: |  1  2  3  4  5  6  7  8  9 10 11 12 13 14 |
---------------+-------------------------------------------+-----
Unarmed Combat | 3 4 6 7 8 9 11 12 13 | 13.7
Spellcasting   | 2 3 4 6 7 8 9 |  9.5
Dodging        | 4 6 8 9 10 | 10.6
Transmutations | 2 5 6 7 |  7.3
Charms         | 3 5 6 7 |  7.0
Ice Magic      | 3 |  3.1
Air Magic      | 2 |  2.6
Fighting       | 4 6 7 9 10 | 10.6
Necromancy     | 1 2 |  2.2
Summonings     | 3 4 |  4.0
Earth Magic    | 3 |  3.9
Shields        | |  3.0

Action                   |  1- 3 |  4- 6 |  7- 9 | 10-12 | 13-15 || total
-------------------------+-------+-------+-------+-------+-------++-------
Melee: Unarmed           |    73 |    40 |   218 |   453 |   445 ||  1229
       Constrict         |    17 |    10 |    54 |    56 |    51 ||   188
       Tentacles         |    11 |     3 |    57 |   146 |   156 ||   373
       Punch             |     1 |     3 |    14 |    44 |    59 ||   121
Throw: Stone             |       |       |    11 |     4 |     1 ||    16
       Tomahawk          |       |       |     3 |       |     2 ||     5
       Curare dart       |       |       |     1 |    10 |    20 ||    31
       Javelin           |       |       |       |    11 |     1 ||    12
       Poisoned dart     |       |       |       |    64 |    19 ||    83
 Cast: Song of Slaying   |       |       |       |     1 |       ||     1
Evoke: Wand              |       |       |       |       |     8 ||     8
  Use: Potion            |       |     2 |     2 |     7 |    13 ||    24
       Scroll            |       |       |     2 |     4 |     7 ||    13
 Stab: Sleeping          |    17 |     5 |    14 |    14 |     9 ||    59
       Distracted        |       |       |       |     1 |     2 ||     3
Armor: Skin              |     3 |     3 |    23 |    21 |    27 ||    77
Dodge: Dodged            |    17 |    12 |    60 |   135 |   175 ||   399
Block: Shield            |    16 |     8 |    66 |   200 |   212 ||   502
       Reflection        |       |       |       |    28 |    15 ||    43
